 Dungeon Crawl Stone Soup version 0.19.5 (webtiles) character file.

543 Ponchio the Magician (level 7, -2/36 HPs)
             Began as a Deep Elf Conjurer on Sept 4, 2017.
             Slain by Pikel
             ... wielding a +2 whip of electrocution
              (7 damage)
             ... on level 4 of the Dungeon.
             The game lasted 00:27:34 (6411 turns).

Ponchio the Magician (Deep Elf Conjurer)            Turns: 6411, Time: 00:27:34

Health: -2/36      AC:  7    Str:  5    XL:     7   Next: 6%
Magic:  12/19      EV: 13    Int: 22    God:
Gold:   246        SH:  0    Dex: 13    Spells: 2 memorised, 14 levels left

rFire  . . .     SeeInvis .     h - +2 dagger (speed)
rCold  . . .     Gourm    +     a - +0 robe
rNeg   . . .     Faith    .     (no shield)
rPois  .         Spirit   .     (no helmet)
rElec  .         Reflect  .     i - +2 cloak
rCorr  .         Harm     .     j - +0 pair of gloves
MR     .....                    (no boots)
Stlth  +++.......               m - amulet of the gourmand
                                (no ring)
                                p - ring of stealth

@: no status effects
A: hooves 1, clumsy 1, shaggy fur 1
a: no special abilities


You were on level 4 of the Dungeon.
You were very full.

You visited 1 branch of the dungeon, and saw 4 of its levels.

You collected 246 gold pieces.

Inventory:

Hand Weapons
 h - a +2 dagger of speed (weapon)
Armour
 a - a +0 robe (worn)
 i - a +2 cloak (worn)
 j - a +0 pair of gloves (worn)
Jewellery
 m - an amulet of the gourmand (around neck)
 p - a ring of stealth (left hand)
Scrolls
 d - 4 scrolls of identify
 e - 2 scrolls of teleportation
 g - a scroll of remove curse
 k - 2 scrolls of recharging {unknown}
 r - a scroll of amnesia
Potions
 l - a potion of degeneration {unknown}
 s - a potion of cancellation
Books
 b - a book of Conjurations

   Spells                             Type                      Level
   a - Magic Dart                     Conjuration                  1
   b - Searing Ray                    Conjuration                  2
   c - Dazzling Spray                 Conjuration/Hexes            3
   d - Fulminant Prism                Conjuration/Hexes            4
   e - Iskenderun's Mystic Blast      Conjuration                  4
   f - Iskenderun's Battlesphere      Conjuration/Charms           5
Comestibles
 c - 3 bread rations
 f - 3 meat rations


   Skills:
 - Level 2.4 Dodging
 - Level 2.4 Stealth
 - Level 7.2 Spellcasting
 * Level 6.6 Conjurations
 + Level 4.1 Charms


You had 14 spell levels left.
You knew the following spells:

 Your Spells              Type           Power        Failure   Level  Hunger
a - Magic Dart            Conj           ####         1%          1    None
b - Iskenderun's Battles  Conj/Chrm      ####....     28%         5    #####..


Dungeon Overview and Level Annotations

Branches:
Dungeon (4/15)
 Temple: D:4-7

Altars:
Qazlal
The Shining One

Annotations:
D:4 Pikel


Innate Abilities, Weirdness & Mutations

You have large cloven feet.
You are clumsy. (Dex -2)
You are covered in fur. (AC +1)


Message History

Aiming: Magic Dart
Press: ? - help, Shift-Dir - straight line, f/p - Pikel
Aim: Pikel, wielding a whip of electrocution and wearing a robe (lightly wounded)
The magic dart hits Pikel.
Pikel is lightly wounded.
Pikel hits you with a whip of electrocution.
Casting: Magic Dart
Confirm with . or Enter, or press ? or * to list all spells.
Aiming: Magic Dart
Press: ? - help, Shift-Dir - straight line, f/p - Pikel
Aim: Pikel, wielding a whip of electrocution and wearing a robe (lightly wounded)
The magic dart hits Pikel.
Pikel is moderately wounded.
Pikel hits you with a whip of electrocution.
You are electrocuted!
* * * LOW HITPOINT WARNING * * *
A slave comes into view.
Okay, then.
Pikel hits you with a whip of electrocution!
You die...

..# ##........###.##
..######......##.....#
..............###....#
......[..)#....##....##
#.........###......#..##
###...###..###....####.##
#...# ##..##....# ##.##
##..## ##.....<.# ##.##
##..## ##....@.## #..##
##..## #...K...## ##..#
##..###.....#..## #..##
##..#..[...##..# #...##
##..pp...[##..# #....###
####......[.....# #......##
#...##..........# ##.......#
#######.........###...##....
#.........)...####....


You could see Pikel and 2 slaves.

Vanquished Creatures
  Eustachio (D:4)
  2 slaves (D:4)
  An ogre (D:4)
  A hound (D:4)
  Crazy Yiuf (D:3)
  An orc priest (D:4)
  A centaur skeleton (D:4)
  2 orc wizards (D:3)
  A howler monkey skeleton (D:4)
  3 adders
  An ooze (D:2)
  An adder skeleton (D:4)
  2 worms (D:3)
  4 dart slugs
  3 leopard geckos
  9 orcs
  6 giant cockroaches
  4 goblins
  10 hobgoblins
  4 jackals (D:1)
  A ball python (D:3)
  7 bats
  7 frilled lizards
  7 kobolds
  19 rats
99 creatures vanquished.

Vanquished Creatures (others)
  A dart slug (D:3)
  A quokka (D:3)
2 creatures vanquished.

Grand Total: 101 creatures vanquished

Notes
Turn   | Place    | Note
-------+----------+-------------------------------------------
     0 | D:1      | Ponchio the Deep Elf Conjurer began the quest for the Orb.
     0 | D:1      | Reached XP level 1. HP: 10/10 MP: 6/6
     4 | D:1      | Noticed an electric eel
     4 | D:1      | Noticed an electric eel
   193 | D:1      | Reached XP level 2. HP: 15/15 MP: 1/8
   211 | D:1      | Reached skill level 4 in Spellcasting
   890 | D:1      | Reached XP level 3. HP: 19/19 MP: 9/11
  1066 | D:1      | Reached skill level 5 in Spellcasting
  1606 | D:2      | Found a glowing golden altar of the Shining One.
  2444 | D:2      | Found a glowing golden altar of the Shining One.
  3044 | D:3      | Reached skill level 6 in Spellcasting
  3044 | D:3      | Reached XP level 4. HP: 17/24 MP: 8/14
  3440 | D:3      | HP: 1/24 [something/puff of flame (13)]
  3765 | D:3      | Found a stormy altar of Qazlal.
  3844 | D:3      | Gained mutation: You are covered in fur. (AC +1) [potion of mutation]
  3844 | D:3      | Gained mutation: You have large cloven feet. [potion of mutation]
  3844 | D:3      | Gained mutation: You are clumsy. (Dex -2) [potion of mutation]
  4149 | D:3      | Found a runed door.
  4187 | D:3      | Noticed Crazy Yiuf
  4197 | D:3      | Killed Crazy Yiuf
  4197 | D:3      | Reached skill level 7 in Spellcasting
  4197 | D:3      | Reached XP level 5. HP: 19/28 MP: 6/16
  4317 | D:3      | Learned a level 5 spell: Iskenderun's Battlesphere
  4689 | D:3      | Found a stormy altar of Qazlal.
  5158 | D:3      | Found a stormy altar of Qazlal.
  5211 | D:4      | Noticed Eustachio
  5323 | D:4      | Reached skill level 1 in Charms
  5329 | D:4      | Reached skill level 5 in Conjurations
  5562 | D:4      | Killed Eustachio
  5562 | D:4      | Reached XP level 6. HP: 10/32 MP: 5/18
  5773 | D:4      | Noticed a slave
  5774 | D:4      | Noticed Pikel
  5774 | D:4      | Noticed a slave
  5792 | D:4      | Killed a slave
  6035 | D:4      | Reached XP level 7. HP: 36/36 MP: 12/19
  6411 | D:4      | Slain by Pikel

Skill      XL: |  1  2  3  4  5  6 |
---------------+-------------------+-----
Spellcasting   | 4 6 7 |  7.2
Charms         | 3 4 |  4.1
Conjurations   | 5 6 |  6.6
Dodging        | |  2.4
Stealth        | |  2.4

Action                   |  1- 3 |  4- 6 |  7- 9 || total
-------------------------+-------+-------+-------++-------
Melee: Unarmed           |     6 |       |       ||     6
       Dagger            |     3 |     1 |    16 ||    20
       Mace              |       |     5 |       ||     5
       Kick              |       |       |     3 ||     3
 Cast: Magic Dart        |    98 |   152 |    20 ||   270
  Use: Potion            |       |     5 |       ||     5
       Scroll            |       |     6 |       ||     6
 Stab: Sleeping          |     2 |     2 |       ||     4
  Eat: Chunk             |     4 |    18 |       ||    22
       Beef jerky        |     1 |       |       ||     1
Armor: Robe              |     5 |    11 |     2 ||    18
Dodge: Dodged            |    15 |    42 |     5 ||    62
